cohdb
Replays
Latest Replays
All Replays
Popular Replays
Top Player Replays
Match Explorer
How It Works
Community
CoH3 Stats
Reddit
Sign in to upload your games and track your stats! →
Sign in with Steam
Match 43955657
Unlisted
Match 43955657
Overview
Messages
Build Orders
End
Pioneer Squad
Construct Infanterie Kompanie
MG 42 Machine Gun Team
Selects Breakthrough Battlegroup
Selects Assault Grenadiers
MG 42 Machine Gun Team
Grenadier Squad
Grenadier Squad
Construct Panzergrenadier Kompanie
251 Medium Carrier
Selects 2.5-tonne Cargo Truck
Pak 40 Anti-tank Gun Team
Selects Breakthrough
2.5-tonne Cargo Truck
Support Elements
Nebelwerfer 42 Rocket Launcher Team
Selects Incendiary Bombing Run
Construct Panzer Kompanie
MG 42 Bunker
DuskTheViking
Saryn
Nukepapa
Chillzz
0
0
Comments
sign in to comment!
No comments posted yet!